 Dungeon Crawl Stone Soup version 0.19-a0-734-ge18daf0 (webtiles) character file.

85 Ijustatesigmund the Conjurer (level 4, -5/24 HPs)
             Began as a Tengu Wizard on June 22, 2016.
             Slain by a gnoll
             ... wielding a +0 halberd
              (6 damage)
             ... on level 2 of the Dungeon.
             The game lasted 00:09:01 (2396 turns).

Ijustatesigmund the Conjurer (Tengu Wizard)         Turns: 2396, Time: 00:09:02

Health: -5/24      AC:  3    Str:  7    XL:     4   Next: 48%
Magic:  5/9        EV: 12    Int: 18    God:
Gold:   46         SH:  0    Dex: 14    Spells: 4 memorised, 1 level left

rFire  . . .     SeeInvis .     p - -3 dagger (curse)
rCold  . . .     Gourm    .     a - +0 robe
rNeg   . . .     Faith    .     (no shield)
rPois  .         Spirit   .     b - +0 hat
rElec  .         Dismiss  .     (no cloak)
rCorr  .         Reflect  .     n - +0 pair of gloves
SustAt .         Harm     .     (boots unavailable)
MR     .....                    (no amulet)
Stlth  ++........               (no ring)
                                (no ring)

@: repel missiles, not resistant to hostile enchantments, unstealthy
A: beak, talons 3
a: no special abilities


You were on level 2 of the Dungeon.
You were not hungry.

You visited 1 branch of the dungeon, and saw 2 of its levels.

You collected 46 gold pieces.

Inventory:

Hand Weapons
 k - a +3 short sword of speed
 p - a cursed -3 dagger (weapon)
Armour
 a - a +0 robe (worn)
 b - a +0 hat (worn)
 n - a +0 pair of gloves (worn)
 o - a +1 ring mail of poison resistance
Scrolls
 e - a scroll of enchant weapon
 j - 2 scrolls of blinking
Potions
 g - 2 potions of might
 i - a potion of curing {unknown}
 l - a potion of heal wounds {unknown}
 m - a potion of beneficial mutation {unknown}
Books
 c - a book of Minor Magic

   Spells                             Type                      Level
   a - Magic Dart                     Conjuration                  1
   b - Blink                          Translocation                2
   c - Call Imp                       Summoning                    2
   d - Repel Missiles                 Charms/Air                   2
   e - Slow                           Hexes                        2
   f - Conjure Flame                  Conjuration/Fire             3
   g - Mephitic Cloud                 Conjuration/Poison/Air       3
Comestibles
 d - 2 bread rations
 f - 5 fruits
 h - a beef jerky


   Skills:
 - Level 2.1 Dodging
 - Level 2.0 Stealth
 - Level 3.0 Spellcasting
 + Level 4.5 Conjurations
   Level 1.2 Summonings
 + Level 2.0 Translocations


You had one spell level left.
You knew the following spells:

 Your Spells              Type           Power        Failure   Level  Hunger
a - Magic Dart            Conj           ###.         2%          1    None
b - Blink                 Tloc           N/A          12%         2    ##.....
c - Repel Missiles        Chrm/Air       #.....       28%         2    ##.....
d - Conjure Flame         Conj/Fire      ##......     21%         3    ###....


Dungeon Overview and Level Annotations

Branches:
Dungeon (2/15)

Altars:
Makhleb

Annotations:
D:1 Ijyb


Innate Abilities, Weirdness & Mutations

You have a beak for a mouth.
You have claws for feet.


Message History

The gnoll is moderately wounded.
Casting: Magic Dart
Confirm with . or Enter, or press ? or * to list all spells.
Aiming: Magic Dart
Press: ? - help, Shift-Dir - straight line, f/p - gnoll
Aim: a gnoll, wielding a halberd (moderately wounded)
The magic dart hits the gnoll.
The gnoll is moderately wounded.
The gnoll hits you from afar with a halberd!
Ouch! That really hurt!
* * * LOW HITPOINT WARNING * * *
Casting: Magic Dart
Confirm with . or Enter, or press ? or * to list all spells.
Aiming: Magic Dart
Press: ? - help, Shift-Dir - straight line, f/p - gnoll
Aim: a gnoll, wielding a halberd (moderately wounded)
The magic dart hits the gnoll.
The gnoll is moderately wounded.
The gnoll hits you from afar with a halberd.
You die...

#.#.####...####.# #.##.##...
#...# #...####.####.......##
#.### #(..##......#.##.#### #.#
#...##.#.##.#....# #.#
#..<##.#.##.####.##### #####.#
##.###.#..............
......#######.# #.#.##.#.##.#.##.
#####......##.###.#.##.#.##.#.##.
#.#.....>.g†@......#.##......
...........#####.##.#.####.###
.#.#..#.).## #.........#.###
#..#...# #.......)......
......... ##......#.#####
#.#.###.#.# #..##..#.# .g.# #.#.#
#..##..#.# .. ..#.# #........#
#.... #####.####


You could see a gnoll.

Vanquished Creatures
  A gnoll (D:1)
  2 adders (D:2)
  A worm (D:2)
  A dart slug (D:1)
  A giant gecko (D:1)
  A giant cockroach (D:1)
  11 goblins
  6 hobgoblins
  2 jackals (D:2)
  9 bats
  A giant newt (D:1)
  8 kobolds
  5 rats
49 creatures vanquished.

Notes
Turn   | Place    | Note
--------------------------------------------------------------
     0 | D:1      | Ijustatesigmund the Tengu Wizard began the quest for the Orb.
     0 | D:1      | Reached XP level 1. HP: 10/10 MP: 5/5
   155 | D:1      | Reached skill level 2 in Conjurations
   279 | D:1      | Reached XP level 2. HP: 15/15 MP: 0/7
   283 | D:1      | Learned a level 2 spell: Blink
   286 | D:1      | Learned a level 2 spell: Repel Missiles
   407 | D:1      | Reached skill level 3 in Conjurations
   614 | D:1      | Reached skill level 1 in Translocations
   813 | D:1      | Reached XP level 3. HP: 19/19 MP: 5/8
  1236 | D:1      | Learned a level 3 spell: Conjure Flame
  1448 | D:2      | Noticed Ijyb
  1598 | D:2      | Reached skill level 4 in Conjurations
  1673 | D:2      | Reached XP level 4. HP: 24/24 MP: 9/9
  2254 | D:2      | Found a burning altar of Makhleb.
  2395 | D:2      | HP: 1/24 [gnoll/halberd (17)]
  2396 | D:2      | Slain by a gnoll

Vault maps used:
D:1:      minmay_arrival_shattered_statue
D:2:      kennysheep_the_goblin_king, old_standard_altar

Skill      XL: |  1  2  3  4 |
---------------+-------------+-----
Conjurations   | 2 3 4 |  4.5
Translocations | 1 2 |  2.0
Dodging        | |  2.1
Stealth        | |  2.0
Spellcasting   | |  3.0
Summonings     | |  1.2

Action                   |  1- 3 |  4- 6 || total
-------------------------+-------+-------++-------
Melee: Spear             |     5 |       ||     5
       Kick              |     1 |     2 ||     3
       Dagger            |       |     7 ||     7
       Short sword       |       |     4 ||     4
       Peck              |       |     1 ||     1
 Cast: Magic Dart        |    76 |    48 ||   124
       Repel Missiles    |     1 |       ||     1
       Blink             |       |     1 ||     1
  Use: Scroll            |     1 |     5 ||     6
 Stab: Sleeping          |     3 |     1 ||     4
  Eat: Chunk             |     2 |     2 ||     4
Armor: Robe              |     7 |     9 ||    16
Dodge: Dodged            |    16 |    21 ||    37
       Deflected         |     1 |       ||     1
